 Dungeon Sprint DCSS version 0.19-a0-1827-g174f941 (webtiles) character file.

128 Theye the Slasher (level 4, -2/42 HPs)
             Began as a Deep Dwarf Gladiator on Oct 7, 2016.
             Was an Initiate of Makhleb.
             Slain by an ogre
             ... wielding a +0 giant spiked club
              (24 damage)
             ... in the Dungeon (Sprint IX: "|||||||||||||||||||||||||||||").
             The game lasted 00:00:48 (124 turns).

Theye the Slasher (Deep Dwarf Gladiator)             Turns: 124, Time: 00:00:49

Health: -2/42      AC: 12    Str: 19    XL:     4   Next: 86%
Magic:  7/7        EV: 14    Int:  8    God:    Makhleb [......]
Gold:   0          SH:  0    Dex: 17    Spells: 0 memorised, 3 levels left

rFire  . . .     SeeInvis .     p - +2 scimitar (holy)
rCold  . . .     Gourm    .     s - +2 ring mail
rNeg   . . .     Faith    .     (no shield)
rPois  .         Spirit   .     c - +0 helmet
rElec  .         Dismiss  .     (no cloak)
rCorr  .         Reflect  .     q - +0 pair of gloves
MR     .....     Harm     .     r - +0 pair of boots
Stlth  +......... NoTele   +    (no amulet)
                                t - +2 ring of protection
                                u - +3 ring of dexterity

@: non-regenerating
A: damage resistance, recharge devices, sense surroundings 1, slow regeneration
3
a: Device Recharging, Renounce Religion


You were in the Dungeon.
You worshipped Makhleb.
Makhleb was noncommittal.
You were not hungry.

You visited 1 branch

Inventory:

Hand Weapons
 a - a +0 long sword
 p - a +2 scimitar of holy wrath (weapon)
Missiles
 d - 3 throwing nets (quivered)
Armour
 b - a +0 leather armour
 c - a +0 helmet (worn)
 q - a +0 pair of gloves (worn)
 r - a +0 pair of boots (worn)
 s - a +2 ring mail (worn)
Jewellery
 t - a +2 ring of protection (right hand)
 u - a +3 ring of dexterity (left hand)
Wands
 e - a wand of heal wounds (4/9)
 o - a wand of lightning (7/15)
Scrolls
 l - 2 scrolls of blinking
 m - 3 scrolls of remove curse
 n - 2 scrolls of amnesia
Potions
 g - a potion of invisibility
 h - 3 potions of heal wounds
 i - a potion of haste
 j - 4 potions of magic
 k - 4 potions of curing
Comestibles
 f - a bread ration


   Skills:
 + Level 3.0 Fighting
 * Level 7.7 Long Blades
 - Level 1.7 Throwing
 + Level 5.9 Dodging
 * Level 4.8 Evocations


You had 3 spell levels left.
You didn't know any spells.

Dungeon Overview and Level Annotations

Branches:
Dungeon (1/1)

Altars:
Cheibriados
Dithmenos
Elyvilon
Fedhas
Gozag
Hepliaklqana
Kikubaaqudgha
Makhleb
Nemelex Xobeh
Okawaru
Qazlal
Ru
Sif Muna
Trog
Uskayaw
Vehumet
Xom
Yredelemnul
Zin
The Shining One
Beogh
Jiyva
Lugonu


Innate Abilities, Weirdness & Mutations

You are resistant to damage.
You can recharge devices by infusing magical energy.
You passively map a small area around you.
You do not regenerate.


Message History

An iguana, an orc wizard, 2 ogres and a shadow imp come into view.
The orc wizard shouts!
The two-headed ogre shouts in stereo!
The iguana hisses angrily.
Unknown command.
Okay, then.
You hit the ogre.
The ogre is lightly wounded.
The ogre hits you with a giant spiked club!
You hit the ogre.
The ogre is moderately wounded.
The ogre hits you with a giant spiked club!
Unknown command.
You slash the ogre!
The ogre is severely wounded.
Unknown command.
You hit the ogre.
The ogre is severely wounded.
The ogre hits you with a giant spiked club!!
Ouch! That really hurt!
You die... ▓▓▓▓▓▓▓▓▓▓▓▓▓▓▓▓▓▓▓▓▓▓▓▓ ______.'..|)....@O5{oOl.+ , ▓▓▓▓▓▓▓▓▓▓▓▓▓▓▓▓▓▓▓▓▓▓▓▓ , , , , , , , , * * * * * * * , + , , , * * * * , , , , , * * * * ,

You could see a two-headed ogre, an ogre, an iguana, an orc wizard and a shadow imp.

Vanquished Creatures
  A centaur (D)
  A jelly (D)
  A gnoll (D)
  An orc (D)
  A bat (D)
  A quokka (D)
  3 kobolds (D)
  A rat (D)
10 creatures vanquished.

Notes
Turn   | Place    | Note
-------+----------+-------------------------------------------
     0 | D        | Theye the Deep Dwarf Gladiator began the quest for the Orb.
     0 | D        | Reached XP level 1. HP: 19/19 MP: 1/1
     8 | D        | Reached skill level 1 in Evocations
    16 | D        | Noticed a centaur
    16 | D        | Noticed a jelly
    23 | D        | Killed a centaur
    23 | D        | Reached skill level 6 in Long Blades
    23 | D        | Reached skill level 5 in Dodging
    23 | D        | Reached XP level 2. HP: 22/27 MP: 1/5
    23 | D        | Reached XP level 3. HP: 27/33 MP: 1/6
    23 | D        | Reached XP level 4. HP: 34/40 MP: 1/7
    26 | D        | Reached skill level 7 in Long Blades
    48 | D        | Found a roughly hewn altar of Beogh.
    48 | D        | Found a snail-covered altar of Cheibriados.
    48 | D        | Found a shadowy altar of Dithmenos.
    48 | D        | Found a white marble altar of Elyvilon.
    48 | D        | Found a blossoming altar of Fedhas.
    48 | D        | Found an opulent altar of Gozag.
    50 | D        | Found a hazy altar of Hepliaklqana.
    51 | D        | Found a viscous altar of Jiyva.
    52 | D        | Found an ancient bone altar of Kikubaaqudgha.
    53 | D        | Found a corrupted altar of Lugonu.
    54 | D        | Found a burning altar of Makhleb.
    55 | D        | Found a sparkling altar of Nemelex Xobeh.
    56 | D        | Found an iron altar of Okawaru.
    57 | D        | Found a stormy altar of Qazlal.
    58 | D        | Found a sacrificial altar of Ru.
    59 | D        | Found a deep blue altar of Sif Muna.
    60 | D        | Found a bloodstained altar of Trog.
    61 | D        | Found a hide-covered altar of Uskayaw.
    62 | D        | Became a worshipper of Makhleb the Destroyer
    63 | D        | Found a radiant altar of Vehumet.
    64 | D        | Found a shimmering altar of Xom.
    65 | D        | Found a basalt altar of Yredelemnul.
    66 | D        | Found a glowing silver altar of Zin.
    67 | D        | Found a glowing golden altar of the Shining One.
   120 | D        | Noticed an ogre
   120 | D        | Noticed a two-headed ogre
   124 | D        | Slain by an ogre

Vault maps used:
D:        linesprint

Skill      XL: |  1  2  3  4 |
---------------+-------------+-----
Fighting       | 2 3 |  3.0
Evocations     | 4 |  4.8
Long Blades    | 6 7 |  7.7
Dodging        | 5 |  5.9
Throwing       | |  1.7

Action                   |  1- 3 |  4- 6 || total
-------------------------+-------+-------++-------
Melee: Long sword        |    11 |     7 ||    18
       Scimitar          |       |     4 ||     4
Evoke: Wand              |       |     1 ||     1
  Use: Potion            |     2 |       ||     2
Armor: Leather armour    |     5 |     1 ||     6
Dodge: Dodged            |    10 |     5 ||    15
       Rpst.: Long sword |     2 |     3 ||     5
